 Dungeon Crawl Stone Soup version 0.17.0-18-gaab0e96 (console) character file.

2117 gw the Cudgeler (level 9, 62/80 HPs)
             Began as a Deep Dwarf Fighter on Nov 11, 2015.
             Was a Believer of Makhleb.
             Starved to death
             ... on level 7 of the Dungeon.
             The game lasted 00:10:18 (6872 turns).

gw the Cudgeler (Deep Dwarf Fighter)                Turns: 6872, Time: 00:10:18

Health: 62/80      AC: 18    Str: 22    XL:     9   Next: 8%
Magic:  6/6        EV:  4    Int: 10    God:    Makhleb [**....]
Gold:   356        SH: 10    Dex: 15    Spells: 0 memorised, 8 levels left

rFire  . . .     SeeInvis .     b - -2 eveningstar
rCold  . . .     Clarity  .     m - +0 plate armour
rNeg   . . .     SustAt   .     c - +0 shield
rPois  .         Gourm    .     (no helmet)
rElec  .         Spirit   .     i - +0 cloak
rCorr  .         Warding  .     d - +2 pair of gloves {Str+3}
rMut   .         Stasis   .     a - +0 pair of boots
MR     +....                    k - amulet of inaccuracy (curse)
Stlth  ..........               (no ring)
                                (no ring)

@: fainting, non-regenerating, somewhat resistant to hostile enchantments,
extremely unstealthy
A: damage resistance, recharge devices, sense surroundings 2, slow regeneration
3
a: Device Recharging, Minor Destruction, Renounce Religion


You were on level 7 of the Dungeon.
You worshipped Makhleb.
Makhleb was pleased with you.
You were fainting.

You visited 2 branches of the dungeon, and saw 8 of its levels.

You collected 356 gold pieces.

Inventory:

Hand Weapons
 b - a -2 eveningstar (weapon)
Missiles
 g - 217 stones
 h - 7 poisoned needles
 j - 3 tomahawks (quivered)
Armour
 a - a +0 pair of boots (worn)
 c - a +0 shield (worn)
 d - a +2 pair of gloves of strength (worn)
 i - a +0 cloak (worn)
 m - a +0 plate armour (worn)
Jewellery
 k - a cursed amulet of inaccuracy (around neck)
Wands
 e - a wand of heal wounds (5)
Comestibles
 f - 6 bread rations


   Skills:
 + Level 4.8 Fighting
 * Level 6.8 Maces & Flails
 + Level 4.1 Throwing
 + Level 6.0 Armour
 + Level 5.7 Shields
 + Level 5.1 Invocations


You had 8 spell levels left.
You didn't know any spells.

Dungeon Overview and Level Annotations

Branches:
Dungeon (7/15)             Temple (1/1) D:4

Altars:
Ashenzari
Cheibriados
Dithmenos
Elyvilon
Fedhas
Gozag
Kikubaaqudgha
Makhleb
Nemelex Xobeh
Okawaru
Qazlal
Ru
Sif Muna
Trog
Xom
Yredelemnul
Zin
The Shining One

Shops:
D:4 !   D:6 [


Innate Abilities, Weirdness & Mutations

You are resistant to damage.
You can recharge devices by infusing magical energy.
You passively map the area around you.
You do not regenerate naturally.


Message History

The hungry ghost is almost destroyed.
The hungry ghost hits you.
You feel slightly more hungry. The hungry ghost hits you.
You feel slightly more hungry.
Unknown command.
Unknown command.
Unknown command.
Unknown command.
ATTACKING (1,1)
You completely miss the hungry ghost.
The hungry ghost is almost destroyed.
The hungry ghost hits you.
Unknown command.
Unknown command.
Unknown command.
Unknown command.
ATTACKING (1,1)
You miss the hungry ghost.
The hungry ghost is almost destroyed.
You have starved to death.
You die...

#....<#.# ##.#.#
#.......#.##.#.#
#..######.##.#.#
#..#......##.#.#
######.......# #.#.#
#....#.....?.# #.#.#
#.##.###.....# #.#.#
#.##.# ##'#### #)#.#
#.##g####.#### #[#.#
#.##.W.......####.#.#
#.##................#
#.##...(......###.###
#.##..........# #....
#.##.....(...########
#.##.##...(.........O
#.##.##.#############
#.#*, #. , ,#.......


You could see a hungry ghost.

Table legend:
 A = Turns spent in this place as a percentage of turns spent in the entire game.
 B = Non-inter-level travel turns spent in this place as a percentage of non-inter-level travel turns spent in the entire game.
 C = Inter-level travel turns spent in this place as a percentage of turns spent in this place.
 D = Turns resting spent in this place as a percentage of non-inter-level travel turns spent in this place.
 E = Turns spent auto-exploring this place as a percentage of non-inter-level travel turns spent in this place.
 F = Non-inter-level travel turns spent in this place divided by the number of levels of this place that you've seen.
                   A       B       C       D       E      F
               +-------+-------+-------+-------+-------+----------------------
         Total | 100.0 | 100.0 |   0.3 |   0.0 |   2.1 | 1753.2
       Dungeon |  99.1 |  99.2 |   0.3 |   0.0 |   2.0 | 1986.7
        Temple |   0.9 |   0.8 |   0.8 |   0.0 |   4.2 | 119.0
               +-------+-------+-------+-------+-------+----------------------

Table legend:
 A = Kills in this place as a percentage of kills in entire the game.
 B = Kills by you in this place as a percentage of kills by you in the entire game.
 C = Kills by friends in this place as a percentage of kills by friends in the entire game.
 D = Other kills in this place as a percentage of other kills in the entire game.
 E = Experience gained in this place as a percentage of experience gained in the entire game.
 F = Experience gained in this place divided by the number of levels of this place that you have seen.
                   A       B       C       D       E      F
               +-------+-------+-------+-------+-------+----------------------
         Total | 100.0 | 100.0 |  -nan |  -nan | 100.0 | 378.1
       Dungeon | 100.0 | 100.0 |  -nan |  -nan | 100.0 | 432.1
               +-------+-------+-------+-------+-------+----------------------

Vanquished Creatures
  Prince Ribbit (D:6)
  Sigmund (D:2)
  An orc warrior (D:7)
  A sky beast (D:5)
  An ogre (D:5)
  A centaur (D:6)
  2 giant frogs
  5 scorpions
  The ghost of Dharmy the Grave Robber, a weakling MfNe (D:3)
  2 crimson imps
  A hound (D:6)
  3 orc priests
  Crazy Yiuf (D:6)
  A giant frog skeleton (D:4)
  3 iguanas
  12 orc wizards
  5 worker ants
  10 adders
  4 gnolls (D:5)
  A shadow imp (D:5)
  An adder skeleton (D:6)
  3 worms
  2 giant geckos
  18 orcs
  2 ball pythons (D:3)
  3 giant cockroaches
  5 hobgoblins
  2 quokkas (D:4)
  6 bats
  A giant gecko skeleton (D:4)
  5 giant newts
  7 goblins
  6 kobolds
  A quokka skeleton (D:4)
  A rat (D:3)
  A fungus (D:6)
121 creatures vanquished.

Vanquished Creatures (others)
  3 fungi
3 creatures vanquished.

Grand Total: 124 creatures vanquished

Notes
Turn   | Place    | Note
--------------------------------------------------------------
     0 | D:1      | gw the Deep Dwarf Fighter began the quest for the Orb.
     0 | D:1      | Reached XP level 1. HP: 20/20 MP: 1/1
   289 | D:1      | Reached XP level 2. HP: 27/27 MP: 2/2
  1040 | D:2      | Reached skill level 1 in Throwing
  1135 | D:2      | Noticed Sigmund
  1143 | D:2      | Killed Sigmund
  1143 | D:2      | Reached skill level 4 in Armour
  1143 | D:2      | Reached XP level 3. HP: 19/34 MP: 3/3
  1143 | D:2      | Reached XP level 4. HP: 23/42 MP: 4/4
  1143 | D:2      | Reached XP level 5. HP: 26/49 MP: 5/5
  1888 | D:3      | Noticed Dharmy's ghost (weakling MfNe)
  1907 | D:3      | Killed Dharmy's ghost
  2097 | D:3      | Reached XP level 6. HP: 35/56 MP: 6/6
  2701 | D:4      | Found a staircase to the Ecumenical Temple.
  2710 | Temple   | Entered the Ecumenical Temple
  2735 | Temple   | Became a worshipper of Makhleb the Destroyer
  2822 | D:4      | Reached skill level 1 in Invocations
  2912 | D:4      | Found Qery's Distillery.
  3054 | D:4      | Reached XP level 7. HP: 48/63 MP: 8/8
  3270 | D:4      | HP: 3/63 [orc priest/divine providence (6)]
  3305 | D:4      | Reached * piety under Makhleb
  3343 | D:4      | Reached skill level 5 in Armour
  3448 | D:4      | Reached skill level 5 in Maces & Flails
  3717 | D:4      | Reached skill level 5 in Shields
  3928 | D:5      | Entered Level 5 of the Dungeon
  3974 | D:5      | Reached XP level 8. HP: 43/72 MP: 7/7
  4036 | D:5      | Found a shattered altar of Ashenzari.
  4080 | D:5      | Reached ** piety under Makhleb
  4769 | D:5      | Found a deep blue altar of Sif Muna.
  4950 | D:6      | Noticed Prince Ribbit
  5100 | D:6      | Found a sacrificial altar of Ru.
  5102 | D:6      | Found a blossoming altar of Fedhas.
  5103 | D:6      | Found a shattered altar of Ashenzari.
  5108 | D:6      | Found an ancient bone altar of Kikubaaqudgha.
  5120 | D:6      | Found a snail-covered altar of Cheibriados.
  5176 | D:6      | Reached skill level 6 in Maces & Flails
  5666 | D:6      | Noticed Crazy Yiuf
  5753 | D:6      | Killed Prince Ribbit
  5766 | D:6      | Killed Crazy Yiuf
  6116 | D:6      | Found Paron's Armour Boutique.
  6401 | D:7      | Reached skill level 5 in Invocations
  6666 | D:7      | Gained mutation: You passively map the area around you. [Deep Dwarf growth]
  6666 | D:7      | Reached XP level 9. HP: 59/80 MP: 6/6
  6872 | D:7      | Starved to death

Action                   |  1- 3 |  4- 6 |  7- 9 || total
-------------------------+-------+-------+-------++-------
Melee: Flail             |    54 |   188 |   103 ||   345
       Eveningstar       |       |       |   398 ||   398
Throw: Stone             |    61 |    68 |   161 ||   290
       Tomahawk          |       |    11 |    67 ||    78
Invok: Minor Destruction |       |       |    39 ||    39
 Abil: Device Recharging |       |       |     6 ||     6
Evoke: Wand              |       |     5 |    19 ||    24
  Use: Potion            |     1 |     1 |       ||     2
  Eat: Chunk             |     1 |     6 |    10 ||    17
       Bread ration      |       |       |     1 ||     1

Vault maps used:
D:1:      minmay_arrival_hallway, grunt_decor_resistance
D:2:      serial_park_tiny_pond, uniq_sigmund
D:3:      lemuel_upstairs_altar, first_bread, serial_bayou_pond_d
D:4:      old_forge, minmay_temple_entry_mist, serial_shops, shop, sigmund_army
D:5:      led_sif_pool, evilmike_ruin_ashenzari
D:6:      grunt_temple_overflow_open, serial_shops, shop, uniq_prince_ribbit1,
          uniq_crazy_yiuf_cottage
Temple:   nicolae_temple_x_marks_the_god
